 Dungeon Crawl Stone Soup version 0.29.0-4-gdea44cf6ec (webtiles) character file.

Game seed: 7119689668413844512

27132 qw the Brawler (level 13, -7/128 HPs)
             Began as a Troll Cinder Acolyte on Sept 1, 2022.
             Was an Initiate of Okawaru.
             Mangled by an 11-headed hydra (10 damage)
             ... on level 4 of the Lair of Beasts.
             The game lasted 00:07:23 (12544 turns).

qw the Brawler (Troll Cinder Acolyte)              Turns: 12544, Time: 00:07:24

Health: -7/128     AC:  7    Str: 28    XL:     13   Next: 2%
Magic:  13/13      EV: 10    Int:  9    God:    Okawaru [......]
Gold:   688        SH:  0    Dex:  9    Spells: 14/14 levels left

rFire   . . .      SeeInvis +     - Unarmed
rCold   + . .      Faith    .   (no shield)
rNeg    . . .      Spirit   .   n - +0 troll leather armour
rPois   .          Reflect  .   (helmet restricted)
rElec   .          Harm     .   k - +0 cloak
rCorr   .          Rampage  .   (gloves unavailable)
Will    .....                   (boots unavailable)
Stlth   +.........              (no amulet)
HPRegen 1.91/turn               o - ring of see invisible
MPRegen 0.13/turn               a - +4 ring of slaying {mikee}

@: fire susceptible
A: large, unfitting armour, claws 3, regeneration 1, shaggy fur 1, tough skin 1,
agile 1, cold resistance 1
a: Renounce Religion


You were on level 4 of the Lair of Beasts.
You worshipped Okawaru.
Okawaru was noncommittal.
You visited 3 branches of the dungeon, and saw 14 of its levels.
You also visited: Sewer.

You collected 730 gold pieces.
You spent 42 gold pieces at shops.


Innate Abilities, Weirdness & Mutations

You are too large for most types of armour.
You have claws for hands.
Your natural rate of healing is unusually fast.
You are covered in fur. (AC +1)
You have tough skin. (AC +1)
You are agile. (Dex +4, Str/Int -1)
Your flesh is cold resistant. (rC+)


   Skills:
 + Level 8.4 Fighting
 - Level 3.0 Throwing
 - Level 2.1 Armour
 - Level 3.0 Dodging
 - Level 19.0 Unarmed Combat
 - Level 1.0 Spellcasting
 - Level 2.1 Fire Magic


You had 14 spell levels left.
You didn't know any spells.
Your spell library contained the following spells:

 Spells                   Type           Power      Damage    Failure   Level
 Scorch                   Fire           8%         2d5       26%         2

Inventory:

Armour
 k - a +0 cloak (worn)
 n - a +0 troll leather armour (worn)
Jewellery
 a - a +4 ring of slaying (right claw) {mikee}
 o - a ring of see invisible (left claw)
 Y - a ring of protection from fire
Wands
 e - a wand of digging (13)
Scrolls
 c - 13 scrolls of identify
 f - a scroll of enchant weapon
 h - 7 scrolls of teleportation
 m - 2 scrolls of brand weapon
Potions
 b - a potion of haste
 d - 4 potions of curing
 i - 4 potions of mutation
 j - 2 potions of heal wounds
 l - 3 potions of might

Dungeon Overview and Level Annotations

Branches:
Dungeon (9/15)             Temple (1/1) D:5            Lair (4/5) D:9
  Swamp (0/4) Lair:3        Snake (0/4) Lair:2        Sewer (visited)
  Slime: Lair:4-5       Orc: D:9-12

Altars:
Ashenzari
Cheibriados
Dithmenos
Elyvilon
Fedhas
Gozag
Hepliaklqana
Kikubaaqudgha
Makhleb
Nemelex Xobeh
Okawaru
Ru
Sif Muna
Trog
Uskayaw
Vehumet
Wu Jian
Xom
Zin

Shops:
D:2 (   D:3 [   D:5 *   D:6 [

Annotations:
D:7 4 runed translucent doors


Message History

You rip one of the eight-headed hydra's heads off!
The seven-headed hydra grows two more!
You mangle the nine-headed hydra!!
The nine-headed hydra is moderately wounded.
The nine-headed hydra bites you but does no damage.
The nine-headed hydra barely misses you.
The nine-headed hydra bites you but does no damage. x2
The nine-headed hydra barely misses you.
The nine-headed hydra closely misses you.
The nine-headed hydra bites you. The nine-headed hydra bites you! x2
You barely miss the nine-headed hydra.
The nine-headed hydra is moderately wounded.
The nine-headed hydra barely misses you.
The nine-headed hydra closely misses you.
The nine-headed hydra bites you! The nine-headed hydra bites you.
The nine-headed hydra bites you! x2
The nine-headed hydra bites you but does no damage. x2
The nine-headed hydra bites you!
You rip one of the nine-headed hydra's heads off!
The eight-headed hydra grows two more!
You claw the ten-headed hydra!
The ten-headed hydra is moderately wounded.
You tear one of the ten-headed hydra's heads off!
The nine-headed hydra grows two more!
You mangle the 11-headed hydra!!
The 11-headed hydra is heavily wounded.
The 11-headed hydra bites you. The 11-headed hydra bites you! x2
The 11-headed hydra bites you. The 11-headed hydra bites you!
The 11-headed hydra bites you but does no damage.
The 11-headed hydra bites you. x2
The 11-headed hydra completely misses you.
The 11-headed hydra barely misses you.
The 11-headed hydra bites you but does no damage.
You barely miss the 11-headed hydra. You claw the 11-headed hydra!!
The 11-headed hydra is severely wounded.
The 11-headed hydra closely misses you. The 11-headed hydra barely misses you.
The 11-headed hydra closely misses you. The 11-headed hydra bites you! x2
The 11-headed hydra bites you but does no damage.
The 11-headed hydra bites you!
The 11-headed hydra bites you but does no damage.
The 11-headed hydra bites you! The 11-headed hydra closely misses you.
The 11-headed hydra bites you!
You die...

#. #. #. ##. ~~ P. 77~ # #.##
7~~ ........#.###..###.##.. 7.~
........([.....@D...... 7P~
#..........P....#..#..## 7.
#........#####P.# ##...# #.
#.......#### #..# ##P.# ### ###P
#.......##.###..###...###.###.##
#........#.#P#.....#.......###.#
.../..>.<....>..................
#........##.....P##..........##.
........#####..#####........####


You could see a 11-headed hydra.

Vanquished Creatures
  3 hydras
  6 elephants (Lair:4)
  2 black mambas
  A torpor snail (Lair:1)
  7 cane toads
  A rime drake (Lair:2)
  3 komodo dragons
  Grinder (D:6)
  3 hornets
  2 polar bears
  A troll (D:9)
  20 blink frogs
  Eustachio (D:6)
  34 yaks
  8 wyverns
  3 basilisks
  2 steam dragons
  5 nagas (Lair:2)
  12 water moccasins
  2 ice beasts
  A sky beast (D:7)
  2 black bears
  An ogre (D:6)
  2 orc warriors
  15 wolves
  A centaur (D:8)
  A kobold brigand (D:8)
  13 bullfrogs
  A necrophage (D:6)
  3 scorpions
  9 wights
  9 killer bees
  13 howler monkeys
  A jelly (D:6)
  3 orc priests
  2 gnoll boudas
  4 hounds
  Jessica (D:2)
  4 iguanas
  12 orc wizards
  Terence (D:2)
  6 gnolls
  10 adders
  2 river rats
  A shadow imp (D:7)
  3 white imps
  3 ufetubi
  34 orcs
  15 ball pythons
  5 bats
  8 endoplasms
  A giant cockroach (D:4)
  9 hobgoblins
  5 jackals
  13 kobolds
  A quokka (D:2)
  7 frilled lizards
  8 goblins
  27 rats
374 creatures vanquished.

Vanquished Creatures (others)
  30 fungi
  27 plants
57 creatures vanquished.

Grand Total: 431 creatures vanquished

Notes
Turn   | Place    | Note
-------+----------+-------------------------------------------
     0 | D:1      | qw the Troll Cinder Acolyte began the quest for the Orb.
     0 | D:1      | Reached XP level 1. HP: 22/22 MP: 1/1
     0 | D:1      | 0 ||| qw: Version: 0.1-a-97-g2dd2ca4
     0 | D:1      | 0 ||| qw: Game counter: 4882
     0 | D:1      | 0 ||| qw: Always use a shield: true
     0 | D:1      | 0 ||| qw: God list: Okawaru
     0 | D:1      | 0 ||| qw: Allow faded altars: false
     0 | D:1      | 0 ||| qw: Do Orc after D:15 true
     0 | D:1      | 0 ||| qw: Do second Lair branch before Depths: true
     0 | D:1      | 0 ||| qw: Lair rune preference: random
     0 | D:1      | 0 ||| qw: Plans: Normal
     0 | D:1      | 0 ||| PLANNING D:1-11
   116 | D:1      | Reached XP level 2. HP: 29/29 MP: 2/2
   306 | D:1      | Reached skill level 4 in Unarmed Combat
   637 | D:1      | Found a faded altar of an unknown god.
   752 | D:1      | 752 ||| READING 3 scrolls labelled RUIDWE BEESOTZ.
   753 | D:1      | 753 ||| READING scroll labelled KAUHOR IG FORI.
   754 | D:1      | 754 ||| READING scroll labelled AVOTIXKUGU.
   755 | D:1      | 755 ||| READING scroll labelled TYACEMA BAKENI.
   756 | D:1      | 756 ||| READING 2 scrolls of identify.
   756 | D:1      | 756 ||| IDENTIFYING sedimented sapphire potion
   757 | D:1      | 757 ||| Stepping randomly (stuck).
   758 | D:1      | 758 ||| Stepping randomly (stuck).
   759 | D:1      | 759 ||| Stepping randomly (stuck).
   760 | D:1      | 760 ||| Stepping randomly (stuck).
   761 | D:1      | 761 ||| Stepping randomly (stuck).
   762 | D:1      | 762 ||| Stepping randomly (stuck).
   763 | D:1      | 763 ||| Stepping randomly (stuck).
   824 | D:2      | Reached XP level 3. HP: 36/36 MP: 3/3
  1096 | D:2      | Noticed Jessica
  1101 | D:2      | Killed Jessica
  1102 | D:2      | Reached XP level 4. HP: 44/44 MP: 4/4
  1168 | D:2      | 1168 ||| Stepping ~*~*~tactically~*~*~ (stealth).
  1173 | D:2      | Reached skill level 5 in Unarmed Combat
  1198 | D:2      | Noticed Terence
  1199 | D:2      | 1199 ||| Stepping ~*~*~tactically~*~*~ (stealth).
  1207 | D:2      | 1207 ||| Stepping ~*~*~tactically~*~*~ (stealth).
  1212 | D:2      | Killed Terence
  1224 | D:2      | 1224 ||| Stepping ~*~*~tactically~*~*~ (stealth).
  1302 | D:2      | Found Gigush's Weapon Shop.
  1497 | D:2      | You fall into a shaft and drop 1 floor!
  1497 | D:3      | Found a glowing drain.
  1498 | D:3      | 1498 ||| PLANNING SEWER
  1509 | Sewer    | Entered a sewer
  1634 | Sewer    | 1634 ||| INVOKING Fiery Armour.
  1643 | Sewer    | Reached XP level 5. HP: 50/50 MP: 5/5
  1660 | Sewer    | 1660 ||| Stepping ~*~*~tactically~*~*~ (stealth).
  1661 | Sewer    | 1661 ||| Stepping ~*~*~tactically~*~*~ (stealth).
  1728 | Sewer    | Reached skill level 6 in Unarmed Combat
  1788 | Sewer    | 1788 ||| INVOKING Fiery Armour.
  1794 | Sewer    | Reached skill level 7 in Unarmed Combat
  1794 | Sewer    | Reached XP level 6. HP: 59/59 MP: 6/6
  1822 | Sewer    | 1822 ||| READING scroll labelled JAROD VYPAGRE.
  1823 | Sewer    | 1823 ||| READING scroll labelled NYNECS SUPP.
  1828 | Sewer    | 1828 ||| READING scroll labelled NUTULL LETOJU.
  1829 | Sewer    | 1829 ||| DRINKING 2 bubbling white potions.
  1830 | Sewer    | 1830 ||| DRINKING 2 puce potions.
  1831 | Sewer    | 1831 ||| DROPPING potion of attraction.
  1832 | Sewer    | 1832 ||| DROPPING potion of flight.
  1881 | D:3      | 1881 ||| PLANNING D:1-11
  1910 | D:3      | 1910 ||| DRINKING 2 fizzy pink potions.
  1910 | D:3      | Gained mutation: Your flesh is cold resistant. (rC+)
                  | [potion of mutation]
  1910 | D:3      | Gained mutation: You are agile. (Dex +4, Str/Int -1)
                  | [potion of mutation]
  1911 | D:3      | 1911 ||| READING 2 scrolls of identify.
  1911 | D:3      | 1911 ||| IDENTIFYING dark potion
  2060 | D:3      | Found Wuuluqik's Antique Armour Shoppe.
  2274 | D:3      | 2274 ||| Stepping ~*~*~tactically~*~*~ (stealth).
  2276 | D:3      | 2276 ||| Stepping ~*~*~tactically~*~*~ (stealth).
  2394 | D:3      | 2394 ||| Stepping ~*~*~tactically~*~*~ (stealth).
  2395 | D:3      | 2395 ||| Stepping ~*~*~tactically~*~*~ (stealth).
  2397 | D:3      | 2397 ||| Stepping ~*~*~tactically~*~*~ (stealth).
  2403 | D:3      | 2403 ||| Stepping ~*~*~tactically~*~*~ (stealth).
  2426 | D:3      | 2426 ||| Stepping ~*~*~tactically~*~*~ (outnumbered).
  2427 | D:3      | 2427 ||| Stepping ~*~*~tactically~*~*~ (outnumbered).
  2428 | D:3      | 2428 ||| Stepping ~*~*~tactically~*~*~ (outnumbered).
  2429 | D:3      | 2429 ||| Stepping ~*~*~tactically~*~*~ (outnumbered).
  2430 | D:3      | 2430 ||| Stepping ~*~*~tactically~*~*~ (outnumbered).
  2431 | D:3      | 2431 ||| Stepping ~*~*~tactically~*~*~ (outnumbered).
  2499 | D:3      | Identified the +9 war axe of Grandeur {pain, Drain rPois
                  | Will+}
  2801 | D:3      | Found a white marble altar of Elyvilon.
  2804 | D:3      | 2804 ||| Stepping ~*~*~tactically~*~*~ (stealth).
  2856 | D:3      | 2856 ||| READING scroll labelled QAIMPO NACAO.
  2857 | D:3      | 2857 ||| READING 7 scrolls of identify.
  2857 | D:3      | 2857 ||| IDENTIFYING golden potion
  2858 | D:3      | 2858 ||| READING 6 scrolls of identify.
  2858 | D:3      | 2858 ||| IDENTIFYING inky potion
  2859 | D:3      | 2859 ||| READING 5 scrolls of identify.
  2859 | D:3      | 2859 ||| IDENTIFYING fuming black potion
  2860 | D:3      | 2860 ||| DROPPING potion of degeneration.
  2897 | D:4      | 2897 ||| INVOKING Fiery Armour.
  2898 | D:4      | 2898 ||| Stepping ~*~*~tactically~*~*~ (outnumbered).
  2900 | D:4      | 2900 ||| Stepping ~*~*~tactically~*~*~ (outnumbered).
  2904 | D:4      | Reached skill level 1 in Dodging
  2907 | D:4      | 2907 ||| Stepping ~*~*~tactically~*~*~ (outnumbered).
  2913 | D:4      | 2913 ||| Stepping ~*~*~tactically~*~*~ (outnumbered).
  2914 | D:4      | 2914 ||| Stepping ~*~*~tactically~*~*~ (outnumbered).
  2915 | D:4      | 2915 ||| Stepping ~*~*~tactically~*~*~ (outnumbered).
  2916 | D:4      | 2916 ||| Stepping ~*~*~tactically~*~*~ (outnumbered).
  2917 | D:4      | 2917 ||| Stepping ~*~*~tactically~*~*~ (hiding).
  2918 | D:4      | 2918 ||| Stepping ~*~*~tactically~*~*~ (hiding).
  3011 | D:4      | Found an ancient bone altar of Kikubaaqudgha.
  3150 | D:4      | Noticed an ice beast
  3159 | D:4      | Killed an ice beast
  3160 | D:4      | Reached skill level 8 in Unarmed Combat
  3160 | D:4      | Reached XP level 7. HP: 60/66 MP: 7/7
  3383 | D:4      | 3383 ||| READING scroll labelled VALAARPHAQE.
  3384 | D:4      | 3384 ||| READING 9 scrolls of identify.
  3384 | D:4      | 3384 ||| IDENTIFYING fuming emerald potion
  3385 | D:4      | 3385 ||| DROPPING potion of lignification.
  3430 | D:5      | Entered Level 5 of the Dungeon
  3432 | D:5      | 3432 ||| STAIRDANCE
  3480 | D:5      | Found Dutarch's General Store.
  3489 | D:5      | 3489 ||| BUYING potion of curing (42 gold).
  3489 | D:5      | Bought a potion of curing for 42 gold pieces
  3653 | D:5      | 3653 ||| Stepping ~*~*~tactically~*~*~ (hiding).
  3655 | D:5      | 3655 ||| Stepping ~*~*~tactically~*~*~ (hiding).
  3656 | D:5      | 3656 ||| Stepping ~*~*~tactically~*~*~ (hiding).
  3851 | D:5      | Reached skill level 3 in Fighting
  4201 | D:5      | Found a staircase to the Ecumenical Temple.
  4395 | D:5      | 4395 ||| UPGRADING to +0 robe of willpower.
  4405 | D:5      | 4405 ||| DROPPING +0 robe.
  4510 | D:6      | 4510 ||| Stepping ~*~*~tactically~*~*~ (hiding).
  4518 | D:6      | 4518 ||| Stepping ~*~*~tactically~*~*~ (stealth).
  4528 | D:6      | 4528 ||| FLEEEEING.
  4637 | D:6      | 4637 ||| Stepping ~*~*~tactically~*~*~ (hiding).
  4807 | D:6      | 4807 ||| Stepping ~*~*~tactically~*~*~ (stealth).
  4989 | D:6      | Reached skill level 9 in Unarmed Combat
  5018 | D:6      | Reached XP level 8. HP: 68/75 MP: 8/8
  5150 | D:6      | Reached skill level 10 in Unarmed Combat
  5155 | D:6      | Noticed Grinder
  5159 | D:6      | 5159 ||| INVOKING Fiery Armour.
  5163 | D:6      | Killed Grinder
  5255 | D:6      | Found Cael's Armour Shoppe.
  5262 | D:6      | 5262 ||| SHOPLISTING +2 gold dragon scales (920 gold, have
                  | 245).
  5291 | D:6      | Noticed Eustachio
  5299 | D:6      | 5299 ||| Stepping ~*~*~tactically~*~*~ (outnumbered).
  5319 | D:6      | Killed Eustachio
  5369 | D:6      | 5369 ||| READING 9 scrolls of identify.
  5369 | D:6      | 5369 ||| IDENTIFYING white potion
  5451 | D:7      | Found a large runed translucent door.
  5457 | D:7      | Noticed a deep elf pyromancer
  5458 | D:7      | Found a large runed translucent door.
  5466 | D:7      | Found a large runed translucent door.
  5466 | D:7      | Found a large runed translucent door.
  5498 | D:7      | 5498 ||| FLEEEEING.
  5509 | D:7      | Reached skill level 11 in Unarmed Combat
  5509 | D:7      | Reached XP level 9. HP: 68/84 MP: 9/9
  5575 | D:7      | 5575 ||| Stepping ~*~*~tactically~*~*~ (stealth).
  5585 | D:7      | Reached skill level 3 in Throwing
  5638 | D:7      | 5638 ||| Stepping ~*~*~tactically~*~*~ (outnumbered).
  5899 | D:7      | 5899 ||| Stepping ~*~*~tactically~*~*~ (stealth).
  5932 | D:7      | 5932 ||| Stepping ~*~*~tactically~*~*~ (stealth).
  5936 | D:7      | 5936 ||| Stepping ~*~*~tactically~*~*~ (stealth).
  6023 | D:7      | Reached skill level 12 in Unarmed Combat
  6137 | D:7      | Found a bloodstained altar of Trog.
  6137 | D:7      | Found a glowing silver altar of Zin.
  6243 | D:7      | 6243 ||| Stepping ~*~*~tactically~*~*~ (stealth).
  6248 | D:7      | 6248 ||| Stepping ~*~*~tactically~*~*~ (stealth).
  6253 | D:7      | 6253 ||| Stepping ~*~*~tactically~*~*~ (hiding).
  6254 | D:7      | 6254 ||| Stepping ~*~*~tactically~*~*~ (hiding).
  6256 | D:7      | 6256 ||| Stepping ~*~*~tactically~*~*~ (hiding).
  6257 | D:7      | 6257 ||| Stepping ~*~*~tactically~*~*~ (hiding).
  6258 | D:7      | 6258 ||| Stepping ~*~*~tactically~*~*~ (hiding).
  6599 | D:7      | 6599 ||| READING scroll labelled CUNUMNE SIAWU.
  6600 | D:7      | 6600 ||| DRINKING 2 fuming blue potions.
  6601 | D:7      | 6601 ||| DROPPING potion of invisibility.
  6642 | D:8      | 6642 ||| STAIRDANCE
  6725 | D:8      | 6725 ||| STAIRDANCE
  6809 | D:8      | 6809 ||| STAIRDANCE
  6912 | D:8      | 6912 ||| Stepping ~*~*~tactically~*~*~ (stealth).
  6914 | D:8      | 6914 ||| Stepping ~*~*~tactically~*~*~ (stealth).
  6918 | D:8      | 6918 ||| Stepping ~*~*~tactically~*~*~ (stealth).
  6919 | D:8      | 6919 ||| Stepping ~*~*~tactically~*~*~ (stealth).
  7002 | D:8      | 7002 ||| Stepping ~*~*~tactically~*~*~ (stealth).
  7003 | D:8      | 7003 ||| Stepping ~*~*~tactically~*~*~ (stealth).
  7027 | D:8      | 7027 ||| Stepping ~*~*~tactically~*~*~ (stealth).
  7028 | D:8      | 7028 ||| Stepping ~*~*~tactically~*~*~ (stealth).
  7029 | D:8      | 7029 ||| Stepping ~*~*~tactically~*~*~ (stealth).
  7030 | D:8      | 7030 ||| Stepping ~*~*~tactically~*~*~ (stealth).
  7190 | D:8      | 7190 ||| Stepping ~*~*~tactically~*~*~ (stealth).
  7520 | D:8      | Found a shimmering blue altar of Sif Muna.
  7613 | D:8      | 7613 ||| UPGRADING to +0 cloak.
  7618 | D:8      | 7618 ||| READING scroll labelled GYNTOT DOUZYRU.
  7619 | D:8      | 7619 ||| READING scroll labelled FETYIT ISM.
  7620 | D:8      | 7620 ||| READING scroll labelled JICLAIRCHIL.
  7660 | D:8      | 7660 ||| Stepping ~*~*~tactically~*~*~ (hiding).
  7669 | D:8      | Reached XP level 10. HP: 88/96 MP: 10/10
  7746 | D:9      | 7746 ||| FLEEEEING.
  7747 | D:9      | 7747 ||| FLEEEEING.
  7748 | D:9      | 7748 ||| FLEEEEING.
  7749 | D:9      | 7749 ||| FLEEEEING.
  7750 | D:9      | 7750 ||| FLEEEEING.
  7751 | D:9      | 7751 ||| FLEEEEING.
  7752 | D:9      | 7752 ||| FLEEEEING.
  7753 | D:9      | 7753 ||| FLEEEEING.
  7754 | D:9      | 7754 ||| FLEEEEING.
  7769 | D:9      | 7769 ||| INVOKING Fiery Armour.
  7773 | D:9      | Reached skill level 13 in Unarmed Combat
  7783 | D:9      | Reached skill level 1 in Armour
  8035 | D:9      | 8035 ||| Stepping ~*~*~tactically~*~*~ (stealth).
  8100 | D:9      | Reached skill level 14 in Unarmed Combat
  8119 | D:9      | Found a staircase to the Lair.
  8176 | D:9      | 8176 ||| Stepping ~*~*~tactically~*~*~ (stealth).
  8221 | D:9      | 8221 ||| Stepping ~*~*~tactically~*~*~ (stealth).
  8232 | D:9      | Reached skill level 6 in Fighting
  8232 | D:9      | 8232 ||| FLEEEEING.
  8233 | D:9      | 8233 ||| FLEEEEING.
  8234 | D:9      | 8234 ||| FLEEEEING.
  8235 | D:9      | 8235 ||| FLEEEEING.
  8236 | D:9      | 8236 ||| FLEEEEING.
  8237 | D:9      | 8237 ||| FLEEEEING.
  8238 | D:9      | 8238 ||| FLEEEEING.
  8239 | D:9      | 8239 ||| FLEEEEING.
  8240 | D:9      | 8240 ||| FLEEEEING.
  8241 | D:9      | 8241 ||| FLEEEEING.
  8242 | D:9      | 8242 ||| FLEEEEING.
  8243 | D:9      | 8243 ||| FLEEEEING.
  8244 | D:9      | 8244 ||| FLEEEEING.
  8245 | D:9      | 8245 ||| FLEEEEING.
  8246 | D:9      | 8246 ||| STAIRDANCE
  8260 | D:8      | 8260 ||| DROPPING +1 robe of the Archmagi.
  8261 | D:8      | 8261 ||| UPGRADING to +0 troll leather armour.
  8271 | D:8      | 8271 ||| DROPPING +0 robe of willpower.
  8274 | D:9      | 8274 ||| STAIRDANCE
  8296 | D:9      | 8296 ||| STAIRDANCE
  8371 | D:9      | 8371 ||| Stepping ~*~*~tactically~*~*~ (stealth).
  8383 | D:9      | Found a radiant altar of Vehumet.
  8480 | D:9      | 8480 ||| Stepping ~*~*~tactically~*~*~ (stealth).
  8483 | D:9      | 8483 ||| Stepping ~*~*~tactically~*~*~ (stealth).
  8484 | D:9      | 8484 ||| Stepping ~*~*~tactically~*~*~ (stealth).
  8580 | D:9      | Found a snail-covered altar of Cheibriados.
  8662 | D:9      | Reached XP level 11. HP: 105/105 MP: 11/11
  8669 | D:9      | Reached skill level 15 in Unarmed Combat
  8925 | D:9      | 8925 ||| PLANNING LAIR
  8961 | Lair:1   | Entered Level 1 of the Lair of Beasts
  9001 | Lair:1   | 9001 ||| Stepping ~*~*~tactically~*~*~ (stealth).
  9012 | Lair:1   | 9012 ||| Stepping ~*~*~tactically~*~*~ (stealth).
  9063 | Lair:1   | 9063 ||| INVOKING Fiery Armour.
  9068 | Lair:1   | 9068 ||| Stepping ~*~*~tactically~*~*~ (outnumbered).
  9069 | Lair:1   | 9069 ||| Stepping ~*~*~tactically~*~*~ (outnumbered).
  9070 | Lair:1   | 9070 ||| Stepping ~*~*~tactically~*~*~ (outnumbered).
  9071 | Lair:1   | 9071 ||| Stepping ~*~*~tactically~*~*~ (outnumbered).
  9072 | Lair:1   | 9072 ||| Stepping ~*~*~tactically~*~*~ (outnumbered).
  9073 | Lair:1   | Reached skill level 3 in Dodging
  9243 | Lair:1   | 9243 ||| Stepping ~*~*~tactically~*~*~ (stealth).
  9438 | Lair:1   | Found a frozen archway.
  9773 | Lair:1   | 9773 ||| UPGRADING to ring of see invisible.
  9774 | Lair:1   | 9774 ||| READING scroll labelled PUODAO IHICE.
  9824 | Lair:2   | 9824 ||| INVOKING Fiery Armour.
  9827 | Lair:2   | Reached skill level 16 in Unarmed Combat
  9827 | Lair:2   | 9827 ||| FLEEEEING.
  9831 | Lair:2   | 9831 ||| STAIRDANCE
  9837 | Lair:2   | 9837 ||| STAIRDANCE
  9847 | Lair:2   | 9847 ||| STAIRDANCE
  9855 | Lair:2   | 9855 ||| STAIRDANCE
  9861 | Lair:2   | 9861 ||| STAIRDANCE
  9908 | Lair:2   | Noticed a four-headed hydra
  9916 | Lair:2   | Killed an eight-headed hydra
  9962 | Lair:2   | 9962 ||| Stepping ~*~*~tactically~*~*~ (outnumbered).
  9977 | Lair:2   | 9977 ||| Stepping ~*~*~tactically~*~*~ (hiding).
  9978 | Lair:2   | 9978 ||| Stepping ~*~*~tactically~*~*~ (hiding).
  9989 | Lair:2   | 9989 ||| INVOKING Fiery Armour.
  9991 | Lair:2   | HP: 27/109 [naga/+0 long sword (6)]
  9992 | Lair:2   | 9992 ||| READING 6 scrolls of teleportation.
  9993 | Lair:2   | 9993 ||| DRINKING 4 potions of heal wounds.
  9994 | Lair:2   | 9994 ||| DRINKING 3 potions of heal wounds.
  9996 | Lair:2   | 9996 ||| DRINKING 2 potions of heal wounds.
  9998 | Lair:2   | 9998 ||| DRINKING potion of cancellation.
 10028 | Lair:2   | 10028 ||| Stepping ~*~*~tactically~*~*~ (stealth).
 10030 | Lair:2   | 10030 ||| Stepping ~*~*~tactically~*~*~ (stealth).
 10088 | Lair:2   | Found the +0 staff of Battle
 10216 | Lair:2   | 10216 ||| Stepping ~*~*~tactically~*~*~ (stealth).
 10218 | Lair:2   | 10218 ||| Stepping ~*~*~tactically~*~*~ (stealth).
 10220 | Lair:2   | 10220 ||| Stepping ~*~*~tactically~*~*~ (stealth).
 10224 | Lair:2   | 10224 ||| Stepping ~*~*~tactically~*~*~ (stealth).
 10248 | Lair:2   | Noticed a six-headed hydra
 10249 | Lair:2   | 10249 ||| INVOKING Fiery Armour.
 10256 | Lair:2   | Killed a nine-headed hydra
 10257 | Lair:2   | Reached XP level 12. HP: 71/118 MP: 12/12
 10325 | Lair:2   | Reached skill level 17 in Unarmed Combat
 10407 | Lair:2   | 10407 ||| INVOKING Fiery Armour.
 10547 | Lair:2   | 10547 ||| Stepping ~*~*~tactically~*~*~ (hiding).
 10589 | Lair:2   | Found a staircase to the Snake Pit.
 10632 | Lair:2   | 10632 ||| Stepping ~*~*~tactically~*~*~ (hiding).
 10852 | Lair:2   | 10852 ||| UPGRADING to ring of protection from fire.
 10886 | Lair:3   | 10886 ||| Stepping ~*~*~tactically~*~*~ (stealth).
 10900 | Lair:3   | 10900 ||| FLEEEEING.
 10901 | Lair:3   | 10901 ||| FLEEEEING.
 10902 | Lair:3   | 10902 ||| FLEEEEING.
 10909 | Lair:3   | 10909 ||| Stepping ~*~*~tactically~*~*~ (outnumbered).
 10910 | Lair:3   | 10910 ||| Stepping ~*~*~tactically~*~*~ (outnumbered).
 10911 | Lair:3   | 10911 ||| Stepping ~*~*~tactically~*~*~ (outnumbered).
 11074 | Lair:3   | 11074 ||| INVOKING Fiery Armour.
 11074 | Lair:3   | Noticed a six-headed hydra
 11084 | Lair:3   | 11084 ||| Stepping ~*~*~tactically~*~*~ (outnumbered).
 11085 | Lair:3   | 11085 ||| Stepping ~*~*~tactically~*~*~ (outnumbered).
 11085 | Lair:3   | Killed an eight-headed hydra
 11086 | Lair:3   | Reached skill level 18 in Unarmed Combat
 11195 | Lair:3   | 11195 ||| INVOKING Fiery Armour.
 11327 | Lair:3   | Found a staircase to the Swamp.
 11563 | Lair:3   | 11563 ||| Stepping ~*~*~tactically~*~*~ (stealth).
 11564 | Lair:3   | 11564 ||| Stepping ~*~*~tactically~*~*~ (stealth).
 11570 | Lair:3   | 11570 ||| Stepping ~*~*~tactically~*~*~ (stealth).
 11575 | Lair:3   | 11575 ||| Stepping ~*~*~tactically~*~*~ (stealth).
 11633 | Lair:3   | 11633 ||| READING 14 scrolls of identify.
 11633 | Lair:3   | 11633 ||| IDENTIFYING murky grey potion
 11634 | Lair:3   | 11634 ||| DROPPING potion of magic.
 11711 | Lair:4   | 11711 ||| FLEEEEING.
 11712 | Lair:4   | 11712 ||| FLEEEEING.
 11739 | Lair:4   | 11739 ||| Stepping ~*~*~tactically~*~*~ (outnumbered).
 11784 | Lair:4   | 11784 ||| Stepping ~*~*~tactically~*~*~ (hiding).
 11944 | Lair:4   | Reached skill level 19 in Unarmed Combat
 11958 | Lair:4   | 11958 ||| Stepping ~*~*~tactically~*~*~ (hiding).
 11990 | Lair:4   | 11990 ||| Stepping ~*~*~tactically~*~*~ (stealth).
 11991 | Lair:4   | 11991 ||| Stepping ~*~*~tactically~*~*~ (stealth).
 11993 | Lair:4   | 11993 ||| INVOKING Fiery Armour.
 11997 | Lair:4   | 11997 ||| Stepping ~*~*~tactically~*~*~ (outnumbered).
 12003 | Lair:4   | Reached XP level 13. HP: 120/127 MP: 13/13
 12049 | Lair:4   | Identified the +0 robe of Death Resistance {rN+ Regen+}
 12082 | Lair:4   | Found a burning altar of Makhleb.
 12083 | Lair:4   | 12083 ||| PLANNING TEMPLE
 12083 | Lair:4   | 12083 ||| DROPPING +0 robe of Death Resistance {rN+
                  | Regen+}.
 12084 | Lair:4   | 12084 ||| UPGRADING to +4 ring of slaying {mikee}.
 12285 | Temple   | Entered the Ecumenical Temple
 12326 | Temple   | 12326 ||| PLANNING CONVERSION TO OKAWARU
 12332 | Temple   | Fell from the grace of Ignis
 12332 | Temple   | Became a worshipper of Warmaster Okawaru
 12333 | Temple   | 12333 ||| PLANNING LAIR
 12544 | Lair:4   | HP: 29/128 [11-headed hydra (9)]
 12544 | Lair:4   | HP: 13/128 [11-headed hydra (8)]
 12544 | Lair:4   | HP: 3/128 [11-headed hydra (10)]
 12544 | Lair:4   | Mangled by an 11-headed hydra

Levels and vault maps discovered:
D:1:      scummos_arrival_simple_crosswalls, layout_basic,
          hellmonk_ecumenical_altar_blasted, nicolae_grassy_gnolls
D:2:      layout_loops_corners, serial_shops, nicolae_square_shop, minivault_19,
          uniq_terence, uniq_jessica
D:3:      layout_basic, elyvilon_altar_5, serial_shops, nicolae_shop_crystal,
          cheibrodos_sewer_entry_sluice
D:4:      layout_cave_pools, mainiacjoe_overflow_catwalk, st_stairs_10,
          corexii_hall_statues_x
D:5:      layout_layer_cave, minmay_temple_entry_slanted, serial_shops,
          nicolae_shop_statue_plus
D:6:      layout_basic, serial_shops, shop, uniq_grinder, uniq_eustachio
D:7:      layout_basic, gammafunk_temple_overflow_statue,
          minmay_hollow_rounded_squares
D:8:      layout_loops_ring, led_sif_pool
D:9:      layout_basic, nicolae_overflow_crystal_walls, vehumet_crystals,
          minmay_lair_entry_grove, enter_bailey_4
Temple:   regret_index_temple_waves
Lair:1:   layout_chaotic_city, portal_ice_cave_entry_pillars_2
Lair:2:   layout_chaotic_city, minmay_snake_entry_guardpost_medium,
          infiniplex_staircase_pool
Lair:3:   layout_chaotic_city, swamp_mist_pool, lemuel_fruit_tree
Lair:4:   layout_small_grid, slime_entry_2, basic_altar,
          chequers_serial_rivers_small_3, serial_bayou_crossing

Skill      XL: |  1  2  3  4  5  6  7  8  9 10 11 12 |
---------------+-------------------------------------+-----
Unarmed Combat | 4 5 7 8 9 11 12 14 16 19 | 19.0
Dodging        | 1 2 3 |  3.0
Fighting       | 3 4 5 6 7 8 |  8.4
Throwing       | 2 3 |  3.0
Armour         | 1 2 |  2.1
Spellcasting   | |  1.0
Fire Magic     | |  2.1

Action                   |  1- 3 |  4- 6 |  7- 9 | 10-12 | 13-15 || total
-------------------------+-------+-------+-------+-------+-------++-------
Melee: Unarmed           |    68 |   148 |   282 |   432 |    10 ||   940
       Punch             |     2 |     3 |    13 |    33 |     2 ||    53
Throw: Javelin           |       |       |    22 |     4 |       ||    26
       Boomerang         |       |       |       |    85 |       ||    85
Invok: Fiery Armour      |       |     3 |     1 |     9 |       ||    13
  Use: Scroll            |     5 |     8 |     7 |     3 |       ||    23
       Potion            |       |     3 |     1 |     4 |       ||     8
Armor: Robe              |    19 |    72 |    75 |    20 |       ||   186
       Troll leather arm |       |       |       |   102 |    13 ||   115
Dodge: Dodged            |    20 |    69 |   100 |   138 |    11 ||   338

Table legend:
 A = Non-vault XP
 B = Vault XP
 C = Vault XP percentage of total XP
 D = Non-vault monster count
 E = Vault monster count
 F = Vault count percentage of total count
                 A         B        C        D         E       F
            +---------+---------+-------+---------+---------+-------
      Total |   34108 |    4652 |  12.0 |     284 |      90 |  24.1
            +---------+---------+-------+---------+---------+-------
        D:1 |      24 |      14 |  36.8 |      15 |       1 |   6.2
        D:2 |      61 |      69 |  53.1 |      15 |       2 |  11.8
        D:3 |      33 |      15 |  31.2 |      17 |       3 |  15.0
        D:4 |     270 |      41 |  13.2 |      16 |       3 |  15.8
        D:5 |     158 |       0 |   0.0 |       9 |       0 |   0.0
        D:6 |     975 |     498 |  33.8 |      25 |       2 |   7.4
        D:7 |    1586 |     603 |  27.5 |      28 |      11 |  28.2
        D:8 |    1186 |       0 |   0.0 |      20 |       0 |   0.0
        D:9 |    3293 |    2296 |  41.1 |      34 |      17 |  33.3
     Lair:1 |    4780 |       0 |   0.0 |      27 |       0 |   0.0
     Lair:2 |    7547 |     822 |   9.8 |      26 |       5 |  16.1
     Lair:3 |    7521 |       0 |   0.0 |      29 |       0 |   0.0
     Lair:4 |    6674 |       0 |   0.0 |      23 |       0 |   0.0
      Sewer |       0 |     294 | 100.0 |       0 |      46 | 100.0
            +---------+---------+-------+---------+---------+-------
